 Dungeon Crawl Stone Soup version 0.29.1-12-g30fa7ad0bf (webtiles) character file.

Game seed: 17567626704235380714

65 croobank the Conjurer (level 3, 0/24 HPs)
             Began as a Demonspawn Conjurer on Jan 5, 2023.
             Killed from afar by Ijyb (13 damage)
             ... with a puff of flame
             ... on level 2 of the Dungeon.
             The game lasted 00:07:33 (1907 turns).

croobank the Conjurer (Demonspawn Conjurer)         Turns: 1907, Time: 00:07:34

Health: 0/24       AC:  2    Str:  7    XL:     3   Next: 92%
Magic:  3/6        EV: 12    Int: 21    God:
Gold:   83         SH:  0    Dex: 11    Spells: 1/7 levels left

rFire   . . .      SeeInvis .   l - +0 dagger (venom)
rCold   . . .      Faith    .   (no shield)
rNeg    . . .      Spirit   .   a - +0 robe
rPois   .          Reflect  .   (helmet restricted)
rElec   .          Harm     .   (no cloak)
rCorr   .          Rampage  .   (no gloves)
Will    .....                   (no boots)
Stlth   ++........              (no amulet)
HPRegen 0.08/turn               (no ring)
MPRegen 0.10/turn               (no ring)

@: brilliant
A: antennae 1, hooves 1
a: no special abilities


You were on level 2 of the Dungeon.
You visited 1 branch of the dungeon, and saw 2 of its levels.

You collected 83 gold pieces.

Inventory:

Hand Weapons
 d - a +0 hand axe
 h - a +0 short sword of electrocution
 k - a +0 dagger
 l - a +0 dagger of venom (weapon)
Missiles
 n - 4 silver javelins
Armour
 a - a +0 robe (worn)
 c - a +2 helmet
 i - a +0 leather armour
Magical Staves
 j - a staff of air
Jewellery
 o - a ring of poison resistance
Scrolls
 f - a scroll of vulnerability {unknown}
 g - a scroll of enchant armour {unknown}
 p - a scroll of teleportation {unknown}
 q - a scroll of summoning {unknown}
 r - a scroll of identify {unknown}


   Skills:
 + Level 2.3 Dodging
 + Level 2.5 Stealth
 + Level 2.6 Spellcasting
 + Level 4.4 Conjurations


You had one spell level left.
You knew the following spells:

 Your Spells              Type           Power      Damage    Failure   Level
a - Magic Dart            Conj           100%       1d8       2%          1
b - Searing Ray           Conj           64%        2d6       3%          2
c - Dazzling Flash        Conj/Hex       36%        N/A       17%         3

Your spell library contained the following spells:

 Spells                   Type           Power      Damage    Failure   Level
 Fulminant Prism          Conj/Hex       9%         3d7       50%         4
 Iskenderun's Mystic Bla  Conj/Tloc      18%        2d6       50%         4


Dungeon Overview and Level Annotations

Branches:
Dungeon (2/15)

Altars:

Annotations:
D:2 Ijyb


Innate Abilities, Weirdness & Mutations

You have a pair of small antennae on your head.
You have large cloven feet.


Message History

You finish channelling your searing ray.
Casting: Searing Ray (safe; 3% risk of failure)
Confirm with . or Enter, or press ? or * to list all spells.
You don't have enough magic to cast this spell.
Magic courses through your body. Ijyb hits you with a +0 dagger.
Casting: Searing Ray (safe; 3% risk of failure)
Confirm with . or Enter, or press ? or * to list all spells.
Aiming: Magic Dart (safe; 2% risk of failure)
Press: ? - help, Shift-Dir - straight line, f/p - Ijyb
Aim: Ijyb, wielding a +0 dagger, wearing a +0 chain mail and carrying a wand of flame (24) (heavily wounded, 100% to hit)
The magic dart hits Ijyb but does no damage.
Ijyb is heavily wounded.
Ijyb hits you with a +0 dagger.
* * * LOW HITPOINT WARNING * * *
Ijyb hits you with a +0 dagger.
* * * LOW HITPOINT WARNING * * *
Okay, then.
Okay, then.
It was a potion of brilliance.
You feel clever all of a sudden. Ijyb misses you.
It was a potion of heal wounds.
You feel much better. Ijyb completely misses you.
Casting: Magic Dart (safe; 2% risk of failure)
Confirm with . or Enter, or press ? or * to list all spells.
Casting: Dazzling Flash (extremely dangerous; 17% risk of failure)
Press: ? - help, Dir - look around, f - activate You feel a surge of power!
Ijyb is dazzled.
Ijyb zaps a wand.
The puff of flame hits you!
Casting: Dazzling Flash (extremely dangerous; 17% risk of failure)
Confirm with . or Enter, or press ? or * to list all spells.
Aiming: Searing Ray (safe; 3% risk of failure)
Press: ? - help, Shift-Dir - straight line, f - Ijyb
Aim: Ijyb, wielding a +0 dagger, wearing a +0 chain mail and carrying a wand of flame (23) (moderately wounded, blind, 81% to hit)
You feel a surge of power!
The searing ray hits Ijyb.
Ijyb is heavily wounded. (Press . to maintain the ray.) Ijyb zaps a wand.
The puff of flame hits you!
Ouch! That really hurt!
You die...

...........................
...##..#................
.............###.........
.............###.........
............##..........
........................
#############.#########
#...........#.#........ #@#
#.#.####.## #g# #.#....#.#
#)#.####.####.#.#.
#.#...........#.#.
######)#############.##
..........).............
.............###........
.........g.......#......
........#........#......


You could see Ijyb (blind).

Vanquished Creatures
  A gnoll (D:1)
  2 dart slugs (D:1)
  4 bats (D:1)
  6 endoplasms
  A giant cockroach (D:1)
  9 goblins
  4 hobgoblins
  2 jackals (D:2)
  5 kobolds (D:1)
  4 quokkas
  A ball python (D:1)
  4 frilled lizards
  3 rats (D:1)
46 creatures vanquished.

Notes
Turn   | Place    | Note
-------+----------+-------------------------------------------
     0 | D:1      | croobank the Demonspawn Conjurer began the quest for the
                  | Orb.
     0 | D:1      | Reached XP level 1. HP: 13/13 MP: 3/3
   383 | D:1      | Discovered your monstrous ancestry.
   383 | D:1      | Gained mutation: You have large cloven feet. [demonic
                  | ancestry]
   383 | D:1      | Reached XP level 2. HP: 19/19 MP: 0/5
   399 | D:1      | Learned a level 2 spell: Searing Ray
   909 | D:1      | Gained mutation: You have a pair of small antennae on your
                  | head. [demonic ancestry]
   909 | D:1      | Reached XP level 3. HP: 21/24 MP: 0/6
  1877 | D:2      | Learned a level 3 spell: Dazzling Flash
  1885 | D:2      | Noticed Ijyb
  1907 | D:2      | Killed from afar by Ijyb

Illustrated notes

Levels and vault maps discovered:
D:1:      enne_arrival_octagon_isle, layout_loops_ring
D:2:      kennysheep_the_goblin_king, layout_basic,
          shapermc_ecumenical_altar_pompeii, roderic_lattice_a

Skill      XL: |  1 |
---------------+----+-----
Stealth        | 2 |  2.5
Dodging        | 2 |  2.3
Spellcasting   | |  2.6
Conjurations   | |  4.4

Action                   || total
-------------------------++-------
Melee: Hand axe          ||     9
       Kick              ||     4
       Dagger            ||    20
       Punch             ||     1
 Cast: Magic Dart        ||    60
       Searing Ray       ||     8
       Dazzling Flash    ||     1
  Use: Potion            ||     3
 Stab: Sleeping          ||     1
Armor: Robe              ||     5
Dodge: Dodged            ||    27
